 Dungeon Crawl Stone Soup version 0.17.1-1-g73c8601 (webtiles) character file.

23782 Killerpretzel the Destroyer (level 12, -4/70 HPs)
             Began as a Deep Elf Conjurer on Dec 17, 2015.
             Was the Champion of Vehumet.
             Slain by a death yak (24 damage)
             ... on level 3 of the Lair of Beasts on Dec 18, 2015.
             The game lasted 03:23:21 (20292 turns).

Killerpretzel the Destroyer (Deep Elf Conjurer)    Turns: 20292, Time: 03:23:22

Health: -4/70      AC:  9    Str:  7    XL:     12   Next: 74%
Magic:  12/38      EV: 18    Int: 24    God:    Vehumet [******]
Gold:   753        SH:  0    Dex: 15    Spells: 6 memorised, 15 levels left

rFire  + . .     SeeInvis .     r - +8 quarterstaff of the Weasel {crush, rF+ Dex-5 Stlth+}
rCold  + . .     Clarity  .     a - +0 robe
rNeg   . . .     SustAt   .     (shield currently unavailable)
rPois  +         Gourm    .     n - +1 helmet
rElec  .         Spirit   .     j - +2 cloak
rCorr  .         Warding  .     V - +0 pair of gloves
rMut   .         Stasis   .     P - +0 pair of boots
MR     +....                    o - amulet of faith
Stlth  +++.......               A - ring "Wipeosin" {*Drain rPois rC+ Dex+5}
                                l - ring of magical power

@: about to teleport, very slightly contaminated, somewhat resistant to hostile
enchantments, fairly stealthy
A: no striking features
a: Renounce Religion


You were on level 3 of the Lair of Beasts.
You worshipped Vehumet.
Vehumet was exalted by your worship.
You were hungry.

You visited 3 branches of the dungeon, and saw 15 of its levels.

You collected 1085 gold pieces.
You spent 332 gold pieces at shops.

Inventory:

Hand Weapons
 r - the +8 quarterstaff of the Weasel (weapon) {crush, rF+ Dex-5 Stlth+}
   (You found it on level 1 of the Lair of Beasts)

   It inflicts extra damage upon your enemies.
   It affects your dexterity (-5).
   It protects you from fire.
   It makes you more stealthy.
 D - a +2 dagger of draining
 Z - a +1 dagger of venom
Missiles
 c - a throwing net (quivered)
 H - 10 bolts of penetration
 M - 16 poisoned sling bullets
 S - 69 sling bullets
Armour
 a - a +0 robe (worn)
 j - a +2 cloak (worn)
 n - a +1 helmet (worn)
 P - a +0 pair of boots (worn)
 V - a +0 pair of gloves (worn)
Jewellery
 l - a ring of magical power (left hand)
 o - an amulet of faith (around neck)
 v - an uncursed ring of flight
 A - the ring "Wipeosin" (right hand) {*Drain rPois rC+ Dex+5}
   (You found it on level 2 of the Lair of Beasts)

   [ring of dexterity]

   It affects your dexterity (+5).
   It protects you from cold.
   It protects you from poison.
   It causes draining when unequipped.
Wands
 e - a wand of random effects (19)
 s - a wand of cold (7)
 t - a wand of disintegration (12)
 u - a wand of enslavement (6)
 K - a wand of disintegration (2)
 Q - a wand of cold (7)
Scrolls
 b - 3 scrolls of fog
 d - a scroll of fear
 k - a scroll of remove curse
 m - a scroll of enchant armour
 q - a scroll of immolation
 w - 2 scrolls of teleportation
Potions
 h - 6 potions of curing
 i - 2 potions of heal wounds
 x - 2 potions of invisibility {unknown}
Miscellaneous
 f - a phial of floods
 F - an ornate deck of summoning
Comestibles
 z - 2 meat rations
 B - a beef jerky


   Skills:
 - Level 6.1 Fighting
 - Level 10.0 Dodging
 - Level 2.4 Stealth
 + Level 11.1 Spellcasting
 + Level 14.3 Conjurations
 - Level 11.0 Charms
 * Level 8.0 Fire Magic


You had 15 spell levels left.
You knew the following spells:

 Your Spells              Type           Power        Failure   Level  Hunger
a - Magic Dart            Conj           ####         0%          1    None
b - Searing Ray           Conj           ######       1%          2    None
c - Mephitic Cloud        Conj/Pois/Air  #####...     1%          3    None
d - Inner Flame           Hex/Fire       ####....     1%          3    None
e - Fulminant Prism       Conj/Hex       #####.....   1%          4    None
w - Iskenderun's Battles  Conj/Chrm      ######..     1%          5    ####...


Dungeon Overview and Level Annotations

Branches:
Dungeon (10/15)            Temple (1/1) D:4            Lair (4/8) D:10
  Swamp (0/4) Lair:3        Snake (0/4) Lair:3          Orc (0/4) D:9

Altars:
Ashenzari
Cheibriados
Dithmenos
Elyvilon
Fedhas
Gozag
Kikubaaqudgha
Makhleb
Nemelex Xobeh
Okawaru
Qazlal
Ru
Sif Muna
Trog
Vehumet
Xom
Yredelemnul
Zin
The Shining One

Shops:
D:4 ?   D:5 !   D:8 (   D:10 ?

Annotations:
D:10 !invisible


Message History

The death yak is heavily wounded.
Your battlesphere expends the last of its energy and dissipates.
The death yak completely misses you.
Read which item? (? for menu, Esc to quit)
Okay, then.
Evoke which item? (* to show all) (? for menu, Esc to quit)
Zapping:
K - a wand of disintegration {zapped: 8} (will waste charges)
Press: ? - help, Shift-Dir - straight line, f/p - death yak
Aim: a death yak (heavily wounded, chance to defeat MR: 7%)
The death yak resists with almost no effort.
Evoking this partially-identified wand wasted a few charges.
The death yak closely misses you.
Casting: Searing Ray
Confirm with . or Enter, or press ? or * to list all spells.
You conjure a globe of magical energy.
The death yak gores you!
* * * LOW HITPOINT WARNING * * *
Read which item? (? for menu, Esc to quit)
As you read the scroll of teleportation, it crumbles to dust.
You feel strangely unstable. The death yak gores you!!
You die...

#.#####..........................
### #..........................
##...............≈.PP......
##..<..........≈≈≈≈≈≈.....
##...........≈≈≈≈≈≈≈.....
#..........≈≈≈≈...≈≈≈....
#..........≈≈≈.P...≈≈≈...
##......*..≈≈.......≈≈...
#.##...@..≈≈...>..≈≈≈...
####...Y..≈≈.≈...÷≈≈≈...
#.#.....≈≈≈.....≈≈≈...
#..P.....≈≈≈≈≈.≈≈≈.#.. ####
#####.........≈≈≈≈≈≈≈≈....
..P#####............≈≈≈≈≈≈≈P#...≈
...#.##.............#≈≈....##....
............#.#P...####..P..#.≈..
........#..#........###.P####♣≈.≈


You could see a death yak.

Vanquished Creatures
  A hydra (Lair:3)
  2 death yaks
  A queen ant (Lair:2)
  Joseph (D:8)
  Psyche (D:8)
  6 spiny frogs
  A fire drake (D:10)
  5 komodo dragons
  A troll (D:9)
  A polar bear (Lair:4)
  A blink frog (Lair:3)
  A trapdoor spider zombie (D:10)
  24 yaks
  Sigmund (D:4)
  A deep elf mage (D:10)
  4 hippogriffs
  A hungry ghost (D:9)
  14 wolves
  14 soldier ants (Lair:2)
  A naga (Lair:3)
  3 water moccasins
  5 porcupines
  A swamp drake (Lair:3)
  5 orc warriors
  2 black bears
  An ice beast (D:5)
  A sky beast (D:9)
  8 ogres
  2 wasps
  A necrophage (D:10)
  4 phantoms
  5 centaurs
  7 crocodiles
  14 giant frogs
  2 big kobolds
  2 gnoll sergeants (D:7)
  7 scorpions
  10 killer bees
  An electric eel (Lair:3)
  4 wights (D:9)
  3 crimson imps
  5 jellies
  3 orc priests
  A centaur skeleton (D:6)
  4 quasits
  11 iguanas
  10 orc wizards
  A giant frog skeleton (D:9)
  Terence (D:3)
  9 hounds
  41 worker ants
  6 sheep (Lair:3)
  A hound skeleton (D:7)
  12 adders
  9 gnolls
  25 river rats
  A shadow imp (D:7)
  An ooze (D:2)
  2 adder zombies
  An adder skeleton (D:4)
  2 worms
  34 orcs
  8 giant cockroaches
  16 hobgoblins
  15 jackals
  A quokka (D:7)
  3 ball pythons
  A ball python skeleton (D:5)
  10 bats
  5 giant geckos
  6 giant newts
  8 goblins
  A jackal zombie (D:7)
  17 kobolds
  2 quokka skeletons
  6 rats
  A fulminant prism (Lair:4)
450 creatures vanquished.

Vanquished Creatures (collateral kills)
  A worker ant (Lair:2)
1 creature vanquished.

Vanquished Creatures (others)
  3 fulminant prisms (Lair:4)
  A plant (Lair:2)
4 creatures vanquished.

Grand Total: 455 creatures vanquished

Notes
Turn   | Place    | Note
--------------------------------------------------------------
     0 | D:1      | Killerpretzel the Deep Elf Conjurer began the quest for the Orb.
     0 | D:1      | Reached XP level 1. HP: 10/10 MP: 6/6
   243 | D:1      | Reached XP level 2. HP: 10/15 MP: 4/8
   521 | D:1      | Reached skill level 5 in Conjurations
   891 | D:1      | Learned a level 2 spell: Searing Ray
  1398 | D:2      | Reached XP level 3. HP: 19/19 MP: 6/9
  1586 | D:2      | Found an iron altar of Okawaru.
  1904 | D:2      | Reached skill level 6 in Conjurations
  2128 | D:2      | Reached XP level 4. HP: 24/24 MP: 7/10
  2566 | D:3      | Found a glowing silver altar of Zin.
  2818 | D:3      | Noticed Terence
  3016 | D:4      | Noticed Sigmund
  3345 | D:4      | Reached XP level 5. HP: 28/28 MP: 6/11
  3451 | D:4      | Learned a level 5 spell: Iskenderun's Battlesphere
  3745 | D:4      | Reached skill level 7 in Conjurations
  3787 | D:4      | Found a basalt altar of Yredelemnul.
  3794 | D:4      | Reached skill level 1 in Charms
  3916 | D:4      | Found a staircase to the Ecumenical Temple.
  3920 | D:4      | Found Voakk's Magic Scroll Shop.
  3923 | Temple   | Entered the Ecumenical Temple
  4003 | Temple   | Became a worshipper of Vehumet
  4079 | D:4      | Bought a scroll of blinking for 90 gold pieces
  4079 | D:4      | Bought a scroll of vulnerability for 90 gold pieces
  4698 | D:5      | Entered Level 5 of the Dungeon
  4848 | D:5      | Noticed an ice beast
  4857 | D:5      | Killed an ice beast
  4857 | D:5      | Reached XP level 6. HP: 32/32 MP: 12/12
  4961 | D:5      | Found a sparkling altar of Nemelex Xobeh.
  5183 | D:5      | Noticed a phantom
  5188 | D:5      | Killed a phantom
  5188 | D:5      | Reached skill level 8 in Conjurations
  5188 | D:5      | Reached skill level 5 in Charms
  5357 | D:5      | Noticed a phantom
  5405 | D:5      | Killed a phantom
  5405 | D:5      | Reached XP level 7. HP: 22/36 MP: 12/13
  5527 | D:5      | Found Hitralumo's Distillery.
  5647 | D:5      | Bought a potion of degeneration for 13 gold pieces
  5647 | D:5      | Bought a potion of curing for 39 gold pieces
  5647 | D:5      | Bought a potion of curing for 39 gold pieces
  5647 | D:5      | Bought a potion of poison for 13 gold pieces
  6208 | D:6      | Found a deep blue altar of Sif Muna.
  6235 | D:6      | Reached * piety under Vehumet
  6235 | D:6      | Offered knowledge of Sting by Vehumet.
  6451 | D:6      | Reached skill level 9 in Conjurations
  6502 | D:6      | Reached XP level 8. HP: 41/41 MP: 14/14
  6659 | D:6      | Reached skill level 1 in Fighting
  7309 | D:6      | Found a sparkling altar of Nemelex Xobeh.
  7309 | D:6      | Found a shattered altar of Ashenzari.
  7438 | D:6      | Found a shadowy altar of Dithmenos.
  7654 | D:4      | Bought a scroll of fog for 24 gold pieces
  7654 | D:4      | Bought a scroll of fog for 24 gold pieces
  7670 | D:4      | Killed Sigmund
  7741 | D:3      | Killed Terence
  7948 | D:3      | Reached ** piety under Vehumet
  7955 | D:3      | Offered knowledge of Throw Frost by Vehumet.
  8460 | D:7      | Reached skill level 10 in Conjurations
  8727 | D:7      | Reached skill level 5 in Spellcasting
  8727 | D:7      | Reached XP level 9. HP: 21/49 MP: 15/18
  8735 | D:7      | Offered knowledge of Inner Flame by Vehumet.
  9064 | D:7      | Reached *** piety under Vehumet
  9430 | D:7      | Offered knowledge of Mephitic Cloud by Vehumet.
  9435 | D:7      | Learned a level 3 spell: Mephitic Cloud
  9628 | D:7      | Reached skill level 5 in Dodging
  9960 | D:8      | Reached **** piety under Vehumet
  9965 | D:8      | Reached skill level 11 in Conjurations
 10037 | D:8      | Found Duxene Nimu's Antique Weapon Boutique.
 10155 | D:8      | Offered knowledge of Olgreb's Toxic Radiance by Vehumet.
 10182 | D:8      | Noticed Joseph
 10186 | D:8      | Killed Joseph
 10186 | D:8      | Reached skill level 10 in Charms
 10200 | D:8      | Reached XP level 10. HP: 54/56 MP: 15/21
 10239 | D:8      | Noticed Psyche
 10245 | D:8      | Killed Psyche
 11708 | D:9      | Found a staircase to the Orcish Mines.
 11777 | D:9      | Reached skill level 12 in Conjurations
 12026 | D:8      | Reached ***** piety under Vehumet
 12167 | D:8      | Offered knowledge of Freezing Cloud by Vehumet.
 12576 | D:9      | Found a sacrificial altar of Ru.
 12644 | D:10     | Entered Level 10 of the Dungeon
 13247 | D:10     | Reached XP level 11. HP: 62/62 MP: 17/25
 13520 | D:10     | Found a staircase to the Lair.
 13629 | D:10     | Reached skill level 5 in Fighting
 13702 | D:10     | Reached skill level 13 in Conjurations
 13911 | D:10     | Found Fotask's Magic Scroll Emporium.
 14602 | Lair:1   | Entered Level 1 of the Lair of Beasts
 14609 | Lair:1   | Found a basalt altar of Yredelemnul.
 14621 | Lair:1   | Learned a level 3 spell: Inner Flame
 14734 | Lair:1   | Reached skill level 1 in Fire Magic
 15187 | Lair:1   | Got a bloodstained quarterstaff
 15947 | Lair:2   | Noticed a queen ant
 16257 | Lair:2   | Got a bound iron ring
 16258 | Lair:2   | Identified the ring "Wipeosin" {*Drain rPois rC+ Dex+5} (You found it on level 2 of the Lair of Beasts)
 16339 | Lair:2   | Reached XP level 12. HP: 69/69 MP: 20/27
 16544 | Lair:2   | Killed a queen ant
 16544 | Lair:2   | Reached skill level 10 in Spellcasting
 16551 | Lair:2   | Reached skill level 5 in Fire Magic
 16564 | Lair:2   | Reached ****** piety under Vehumet
 16816 | Lair:2   | Got a dazzling ring mail
 17114 | Lair:3   | Noticed a five-headed hydra
 17132 | Lair:3   | Found a staircase to the Swamp.
 17549 | Lair:3   | Reached skill level 14 in Conjurations
 17561 | Lair:3   | Found a staircase to the Snake Pit.
 17581 | Lair:3   | Killed a five-headed hydra
 17689 | Lair:3   | Offered knowledge of Lee's Rapid Deconstruction by Vehumet.
 18217 | Temple   | Identified the +2 ring mail "Qiataaph" {rF+} (You found it on level 2 of the Lair of Beasts)
 18218 | Temple   | Identified the +8 quarterstaff of the Weasel {crush, rF+ Dex-5 Stlth+} (You found it on level 1 of the Lair of Beasts)
 19932 | Lair:1   | Learned a level 4 spell: Fulminant Prism
 20043 | Lair:4   | Reached skill level 10 in Dodging
 20292 | Lair:3   | Slain by a death yak

Action                   |  1- 3 |  4- 6 |  7- 9 | 10-12 || total
-------------------------+-------+-------+-------+-------++-------
Melee: Dagger            |       |       |       |     2 ||     2
Throw: Stone             |     3 |       |       |       ||     3
 Cast: Magic Dart        |    47 |    72 |   178 |   502 ||   799
       Searing Ray       |     7 |    20 |    17 |    37 ||    81
       Iskenderun's Batt |       |       |    71 |   165 ||   236
       Mephitic Cloud    |       |       |     4 |    44 ||    48
       Inner Flame       |       |       |       |     8 ||     8
       Fulminant Prism   |       |       |       |     4 ||     4
Evoke: Wand              |       |       |       |     2 ||     2
  Use: Scroll            |     9 |     7 |     3 |    16 ||    35
       Potion            |     3 |       |       |     2 ||     5
  Eat: Chunk             |     4 |     9 |    29 |    36 ||    78
       Beef jerky        |       |     1 |       |     1 ||     2
       Bread ration      |       |       |     2 |     2 ||     4
       Meat ration       |       |       |       |     3 ||     3
